Map: Mothership LE

Players

Jamin - Winner!

  • Race: Terran Terran
  • League: Silver
  • Spawn Location: 9:00

VOD

Have the link to the VOD?

Description

Time

  • Played on: Dec. 6, 2025, 6:20 a.m.
  • Length: 16:29
Show
View Real Time Build Order
Export as new Build Order

Jamin Terran - Winner!

Build Orders:  

Get SALT Encoding   

  12  0:00  SCV  
  13  0:21  Supply Depot  
  13  0:24  SCV  
  14  0:41  SCV  
  15  0:52  Barracks  
  15  0:58  SCV  
  16  1:06  Refinery  
  16  1:15  SCV  
  17  1:32  SCV  
  19  1:57  Supply Depot  
  19  1:59  Orbital Command  
  18  2:19  Reaper  
  19  2:36  SCV  
  20  2:44  Command Center  
  20  2:55  SCV  
  21  3:03  Factory  
  21  3:12  SCV  
  22  3:28  SCV  
  23  3:32  Barracks Reactor  
  23  3:36  Supply Depot  
  23  3:42  Refinery  
  23  3:45  SCV  
  24  4:02  SCV  
  25  4:19  SCV  
  26  4:23  Marine  
  26  4:24  Marine  
  28  4:32  Orbital Command  
  28  4:44  SCV  
  28  4:48  Factory Reactor, Marine  
  28  4:49  Marine  
  31  4:54  Starport  
  31  4:56  Supply Depot  
  31  5:01  SCV  
  32  5:13  SCV, Marine x2  
  35  5:25  Barracks  
  35  5:30  SCV x2  
  35  5:35  Barracks  
  35  5:38  Marine x2  
  39  5:40  Supply Depot  
  39  6:01  SCV x2  
  39  6:04  Marine x2  
  43  6:12  Medivac  
  43  6:18  SCV x2, Medivac  
  49  6:29  Marine x2  
  51  6:35  SCV x2  
  51  6:36  Supply Depot  
  53  6:41  Barracks Reactor  
  53  6:42  Barracks Tech Lab  
  53  6:52  SCV x2, Stimpack  
  55  7:08  Supply Depot  
  55  7:09  SCV x2  
  57  7:16  Marine  
  57  7:17  Marine x2  
  60  7:26  SCV x2, Medivac x2  
  66  7:33  Marine x2  
  68  7:42  Marauder, SCV  
  68  7:43  SCV  
  68  7:46  Supply Depot  
  72  7:59  SCV  
  73  8:00  SCV  
  73  8:02  Marine x3  
  73  8:03  Marine  
  78  8:11  Refinery  
  78  8:12  Marine  
  78  8:14  Refinery  
  78  8:16  SCV  
  78  8:17  SCV  
  80  8:22  Barracks  
  80  8:25  Barracks  
  76  8:38  SCV x2  
  76  8:39  Bunker  
  78  8:41  Marine x4  
  78  8:42  Bunker, Marine  
  78  8:46  Medivac x2  
  87  8:55  SCV x2  
  89  9:05  Supply Depot  
  89  9:06  Marine x4  
  89  9:07  Marine  
  94  9:12  Supply Depot  
  94  9:29  Bunker  
  94  9:35  SCV x2, Marine x3  
  94  9:36  Barracks Reactor x2  
  94  9:37  Marine x2  
  101  9:42  Unknown  
  101  9:50  Command Center  
  101  9:52  SCV x2  
  101  9:54  Medivac x2  
  107  10:00  Marine x3  
  110  10:11  Marine x2  
  110  10:17  Supply Depot  
  110  10:18  Supply Depot  
  112  10:23  SCV x2  
  112  10:25  Marine x3  
  117  10:34  Marine  
  118  10:47  SCV x2, Medivac x2, Marine x2  
  118  10:48  Marine  
  118  10:49  Marine x2  
  66  10:50  Marine x3  
  129  10:55  Supply Depot  
  129  10:57  Supply Depot  
  129  10:59  Marine  
  133  11:12  Marine  
  134  11:23  SCV  
  134  11:25  SCV  
  135  11:36  Unknown  
  130  11:44  Marine x3  
  130  11:45  Marine x5  
  130  11:46  Marine  
  130  11:47  Medivac x2  
  130  11:48  SCV x2  
  124  12:08  SCV x2  
  124  12:09  Marine x4  
  129  12:10  Marine x3  
  133  12:23  Marine x2  
  133  12:29  Medivac x2  
  139  12:34  Marine x4  
  139  12:35  Marine  
  139  12:38  Marine  
  139  12:39  Marine  
  146  12:48  Marine x2  
  146  12:49  Supply Depot  
  148  12:50  Supply Depot  
  148  12:53  Orbital Command  
  148  12:59  Marine  
  149  13:10  Marine  
  149  13:11  Marine x5  
  149  13:12  Unknown  
  149  13:13  Marine  
  149  13:15  Medivac x2  
  156  13:24  Refinery  
  156  13:28  Refinery  
  153  13:36  Supply Depot  
  151  13:42  Marine  
  151  13:43  Marine x5  
  151  13:44  Marine x2, Supply Depot  
  151  13:47  Reaper  
  160  14:07  Marine  
  160  14:08  SCV x3, Marine x5  
  160  14:09  Marine x2  
  168  14:27  Marine  
  168  14:29  Unknown  
  167  14:32  Marine  
  167  14:33  Marine x3  
  167  14:36  Marine  
  167  14:37  Marine x3  
  175  14:40  Medivac x2  
  179  14:52  Marine  
  180  15:04  Marine x3  
  180  15:05  Marine x4  
  184  15:31  Marine x3  
  184  15:32  Marine x6  
  190  15:56  Marine x3  
  190  15:57  Marine x5  
  197  16:01  Marine  
  197  16:10  Supply Depot  
Tags
 
League
Silver
Matchup
Co-op
Add a new tag
Caveats
  • Supply blocks, unpowered buildings, or Contaminate may cause inaccurate times.
  • Supply counts are checked every 10 seconds.